Map: Goldenaura LE

Players

ONSYDESolar (Solar) - Winner!

  • Race: Zerg Zerg
  • League: Master
  • Spawn Location: 5:00

DKZherO (herO)

  • Race: Protoss Protoss
  • League: Master
  • Spawn Location: 12:00

VOD

Have the link to the VOD?

Description

Time

  • Played on: Nov. 27, 2023, 4:15 a.m.
  • Length: 16:32
Show
View Real Time Build Order
Export as new Build Order

ONSYDESolar Zerg - Winner!

Build Orders: Hatch First 

Get SALT Encoding   

  12  0:00  Drone  
  13  0:13  Overlord  
  13  0:17  Drone  
  14  0:41  Hatchery  
  13  0:44  Drone  
  13  0:49  Drone  
  15  0:52  Drone  
  17  0:57  Drone  
  17  1:06  Drone  
  18  1:12  Extractor  
  18  1:18  Spawning Pool  
  16  1:20  Drone  
  17  1:28  Drone  
  18  1:38  Drone  
  19  1:49  Drone  
  20  1:54  Drone  
  21  2:01  Overlord  
  21  2:04  Queen  
  21  2:05  Queen  
  21  2:06  Zergling x2  
  26  2:12  Zergling x2  
  27  2:15  Drone  
  27  2:20  Metabolic Boost  
  27  2:22  Drone  
  29  2:26  Drone  
  30  2:31  Drone  
  31  2:42  Hatchery  
  30  2:48  Queen  
  32  2:54  Overlord  
  32  2:55  Zergling x2  
  32  2:58  Drone  
  34  3:00  Drone  
  34  3:03  Drone  
  36  3:12  Queen  
  38  3:14  Drone x2  
  38  3:18  Drone x2  
  42  3:20  Drone  
  42  3:23  Overlord  
  43  3:29  Zergling x2  
  43  3:32  Spore Crawler  
  42  3:37  Drone  
  43  3:43  Drone x2  
  43  3:46  Drone x3  
  47  3:51  Queen  
  50  3:56  Overlord  
  50  3:58  Overlord  
  50  4:02  Overlord  
  50  4:06  Overlord  
  50  4:13  Spore Crawler  
  50  4:14  Queen  
  50  4:15  Drone x5  
  55  4:17  Drone  
  55  4:20  Drone x2  
  55  4:22  Drone  
  59  4:25  Drone  
  59  4:27  Drone  
  59  4:31  Zergling x2, Evolution Chamber  
  62  4:33  Zergling x4  
  62  4:37  Spore Crawler  
  63  4:38  Drone x2  
  63  4:41  Zergling x4  
  63  4:42  Drone  
  67  4:45  Drone  
  67  4:49  Queen  
  67  4:50  Overlord  
  69  4:53  Drone x2  
  69  4:54  Drone  
  69  4:58  Drone  
  73  5:01  Overlord  
  73  5:02  Overlord  
  73  5:12  Zerg Melee Weapons Level 1, Overlord, Extractor  
  73  5:13  Drone x3  
  75  5:16  Drone  
  75  5:18  Drone x2  
  75  5:19  Drone  
  74  5:23  Drone  
  74  5:27  Drone  
  76  5:32  Hatchery  
  76  5:34  Zergling x8  
  79  5:38  Hatchery  
  79  5:40  Zergling x10  
  79  5:42  Drone  
  85  5:46  Lair  
  85  5:47  Hatchery  
  84  5:50  Zergling x6  
  84  5:51  Zergling x2  
  84  5:52  Drone  
  84  5:56  Drone x2  
  88  5:58  Baneling Nest  
  88  6:00  Extractor  
  88  6:02  Drone x2  
  88  6:03  Drone  
  88  6:04  Drone  
  90  6:05  Drone x3, Extractor  
  90  6:09  Zergling x4, Extractor  
  93  6:15  Drone  
  94  6:19  Drone  
  94  6:20  Drone  
  94  6:24  Drone  
  93  6:28  Drone x3  
  93  6:29  Drone  
  93  6:31  Drone  
  98  6:33  Drone x5  
  98  6:34  Zergling x2  
  98  6:35  Extractor  
  103  6:42  Zergling x6  
  103  6:45  Hydralisk Den  
  105  6:52  Drone  
  105  6:53  Overlord  
  106  6:55  Overseer  
  106  6:56  Centrifugal Hooks  
  106  6:59  Overlord  
  106  7:01  Drone x6  
  106  7:05  Overlord  
  111  7:09  Overlord  
  111  7:11  Zerg Melee Weapons Level 2  
  111  7:15  Hatchery, Grooved Spines, Hydralisk x4  
  118  7:18  Hydralisk  
  118  7:22  Overlord  
  120  7:24  Hydralisk x3  
  120  7:28  Hydralisk  
  120  7:29  Zergling x4  
  130  7:35  Overlord  
  130  7:37  Zergling x2  
  130  7:38  Zergling x12, Overseer  
  130  7:42  Hydralisk x2  
  140  7:44  Zergling x2  
  140  7:45  Zergling x4  
  140  7:50  Zergling x8  
  135  7:55  Hydralisk  
  129  7:59  Zergling x10  
  129  8:01  Hydralisk x4  
  129  8:05  Zergling x6  
  144  8:09  Muscular Augments  
  144  8:11  Hydralisk x3  
  148  8:16  Zergling x2  
  142  8:20  Hydralisk x3  
  142  8:25  Overseer  
  146  8:28  Overlord  
  146  8:29  Zergling x16  
  146  8:31  Zergling x2  
  146  8:32  Zergling x4  
  157  8:37  Overlord  
  153  8:43  Overlord  
  153  8:44  Overlord  
  153  8:47  Zergling x10  
  156  8:50  Zergling x2  
  156  8:52  Baneling x6  
  156  8:53  Baneling x9  
  156  8:54  Baneling  
  157  8:57  Baneling x3  
  157  8:58  Baneling  
  157  8:59  Baneling  
  157  9:01  Baneling  
  154  9:07  Hydralisk x2  
  154  9:09  Zergling x18  
  160  9:13  Zergling x8  
  158  9:17  Zergling x8  
  158  9:19  Hydralisk  
  158  9:21  Zergling x4  
  165  9:28  Zergling x2, Zerg Missile Weapons Level 1  
  165  9:29  Zergling x10  
  164  9:35  Zergling x6  
  162  9:39  Zergling x4  
  162  9:44  Zergling x20  
  173  9:47  Hydralisk x2  
  173  9:52  Zergling x2  
  148  9:54  Zergling x10  
  148  9:57  Hydralisk x4  
  154  10:00  Baneling x4, Overlord  
  154  10:02  Hydralisk  
  154  10:04  Zergling x2  
  154  10:06  Baneling x2  
  155  10:07  Zergling x2  
  155  10:11  Overseer  
  155  10:13  Zergling x12  
  141  10:23  Hydralisk x7  
  141  10:24  Zergling x4  
  141  10:28  Zergling x6  
  150  10:30  Zergling x2  
  150  10:31  Zergling x6  
  150  10:36  Overlord  
  150  10:37  Zergling x8  
  152  10:46  Zergling x18  
  152  10:49  Baneling x12  
  159  10:50  Baneling  
  159  10:59  Zergling x12  
  159  11:00  Zergling x2  
  165  11:05  Zergling x12  
  165  11:09  Zergling x2  
  165  11:10  Baneling  
  165  11:11  Baneling x3  
  152  11:20  Zergling x16  
  152  11:22  Hydralisk  
  152  11:23  Zergling x8, Hydralisk  
  162  11:28  Zergling x6  
  162  11:30  Infestation Pit  
  162  11:31  Zergling x2  
  162  11:32  Zergling x2  
  163  11:34  Baneling  
  163  11:35  Baneling x5  
  163  11:36  Zergling x2  
  163  11:38  Zerg Missile Weapons Level 2  
  163  11:39  Drone x3  
  166  11:40  Overseer  
  166  11:41  Drone  
  167  11:47  Overlord  
  167  11:48  Zergling x10  
  167  11:49  Overseer  
  167  11:51  Drone  
  173  11:54  Zergling x12  
  173  11:56  Drone  
  173  11:57  Baneling x7  
  173  12:01  Zergling x4  
  182  12:08  Zergling x10  
  180  12:15  Hydralisk x4  
  159  12:20  Hydralisk x7  
  158  12:22  Zergling x2  
  158  12:23  Zergling x2  
  153  12:30  Zergling x10, Hive  
  153  12:31  Zergling x2  
  159  12:40  Zergling x18  
  159  12:41  Zergling x2  
  169  12:44  Baneling x7  
  169  12:46  Overlord  
  169  12:47  Extractor  
  169  12:48  Zergling x2  
  169  12:49  Zergling x2  
  170  12:52  Zergling x10  
  170  12:55  Zergling x6  
  178  12:59  Zergling x8  
  181  13:05  Baneling x2  
  181  13:06  Zergling x14  
  181  13:07  Overlord  
  187  13:22  Baneling x18  
  187  13:24  Zergling x4  
  190  13:27  Drone, Zergling x8  
  193  13:35  Zergling x10  
  193  13:36  Hatchery  
  189  13:45  Zergling x16  
  175  13:50  Zergling x8  
  168  13:56  Zergling x20  
  168  13:59  Baneling x4  
  168  14:02  Zergling x6  
  180  14:05  Hydralisk x4  
  180  14:09  Overlord  
  188  14:10  Adrenal Glands  
  188  14:14  Baneling x3  
  188  14:15  Baneling x3  
  188  14:19  Baneling x6  
  188  14:27  Viper x3  
  188  14:29  Zergling x2  
  198  14:35  Zergling x2  
  193  14:40  Zergling x2  
  193  14:41  Zergling x24  
  193  14:43  Zergling x6  
  193  14:44  Zergling x4  
  194  14:46  Zergling x4  
  194  14:49  Zergling x6  
  197  14:55  Hydralisk x3  
  197  14:57  Zergling x4  
  197  14:59  Zergling x4  
  199  15:02  Baneling x7  
  199  15:04  Overseer x2  
  199  15:13  Baneling x7  
  197  15:15  Zergling x16  
  197  15:20  Zergling x10  
  194  15:21  Zergling x4  
  168  15:30  Zergling x22  
  168  15:34  Zergling x4  
  151  15:36  Hydralisk x2  
  151  15:38  Hydralisk  
  151  15:42  Hydralisk x2  
  139  15:43  Zergling x4  
  139  15:46  Hydralisk  
  139  15:48  Hydralisk x2  
  140  15:51  Hydralisk  
  140  15:55  Hydralisk x2  
  140  15:56  Zergling x2  
  140  15:57  Zergling x2  
  136  16:00  Zergling x8  
  136  16:02  Zergling x6  
  135  16:04  Hydralisk  
  135  16:05  Zergling x2  
  135  16:06  Zergling x2  
  135  16:08  Zergling x4  
  133  16:13  Zergling x2  
Show
View Real Time Build Order
Export as new Build Order

DKZherO Protoss 

Build Orders: 1 Gate Expand, Oracle Opening 

Get SALT Encoding   

  12  0:00  Probe  
  13  0:12  Probe  
  14  0:18  Pylon  
  14  0:24  Probe (Chrono Boost)  
  15  0:36  Probe (Chrono Boost)  
  15  0:40  Gateway  
  16  0:44  Probe (Chrono Boost)  
  17  0:50  Assimilator  
  17  0:51  Probe  
  18  1:03  Probe  
  19  1:15  Probe  
  20  1:27  Nexus  
  20  1:37  Cybernetics Core  
  20  1:40  Probe  
  21  1:47  Assimilator  
  21  1:52  Probe  
  22  1:55  Pylon  
  22  2:04  Probe  
  23  2:11  Adept (Chrono Boost)  
  25  2:16  Probe  
  25  2:20  Stargate  
  26  2:27  Warp Gate  
  26  2:29  Probe (Chrono Boost)  
  27  2:33  Adept  
  29  2:38  Probe (Chrono Boost)  
  31  2:47  Probe (Chrono Boost)  
  31  2:48  Probe (Chrono Boost)  
  32  2:53  Probe x2 (Chrono Boost)  
  38  3:06  Adept  
  38  3:08  Void Ray (Chrono Boost)  
  38  3:09  Probe  
  38  3:11  Probe  
  42  3:16  Pylon  
  42  3:21  Probe  
  42  3:23  Probe  
  44  3:29  Gateway  
  44  3:35  Oracle (Chrono Boost)  
  44  3:36  Probe x2  
  49  3:48  Probe x2  
  49  3:58  Nexus  
  49  4:00  Pylon  
  49  4:05  Oracle (Chrono Boost), Probe x2  
  54  4:14  Assimilator  
  54  4:15  Assimilator  
  54  4:18  Probe x2  
  56  4:24  Adept  
  58  4:32  Forge, Twilight Council  
  58  4:33  Probe x2  
  60  4:43  Pylon  
  60  4:45  Probe x2  
  62  4:53  Protoss Ground Weapons Level 1 (Chrono Boost)  
  62  4:57  Gateway  
  62  4:58  Gateway  
  62  5:01  Probe x2 (Chrono Boost)  
  64  5:08  Blink (Chrono Boost)  
  64  5:11  Probe (Chrono Boost)  
  64  5:13  Probe x2 (Chrono Boost)  
  67  5:19  Probe x3 (Chrono Boost)  
  70  5:23  Stalker x2  
  70  5:27  Robotics Facility, Probe x2  
  76  5:28  Probe  
  77  5:37  Gateway  
  77  5:39  Probe  
  77  5:40  Gateway  
  78  5:45  Probe  
  78  5:46  Probe  
  79  5:50  Stalker x2  
  79  5:51  Probe  
  82  5:57  Probe  
  82  5:58  Probe  
  82  6:00  Shield Battery  
  82  6:03  Probe  
  85  6:05  Pylon  
  85  6:08  Gateway  
  85  6:10  Gateway  
  85  6:12  Gateway  
  85  6:18  Assimilator  
  85  6:19  Assimilator  
  85  6:23  Probe x3  
  85  6:24  Stalker x2  
  92  6:27  Pylon  
  92  6:29  Pylon  
  92  6:32  Observer (Chrono Boost), Robotics Bay  
  93  6:39  Pylon  
  93  6:41  Pylon  
  93  6:47  Warp Prism (Chrono Boost), Protoss Ground Weapons Level 2 (Chrono Boost)  
  93  6:49  Probe  
  93  6:50  Probe  
  93  6:53  Stalker x2  
  101  6:55  Stalker  
  103  7:03  Stalker, Probe  
  106  7:10  Stalker x3  
  106  7:11  Pylon  
  112  7:22  Pylon  
  112  7:29  Stalker x2  
  116  7:30  Stalker x4  
  116  7:34  Stalker x2  
  119  7:58  Stalker x9  
  128  7:59  Disruptor (Chrono Boost)  
  126  8:25  Disruptor (Chrono Boost)  
  126  8:26  Nexus  
  124  8:30  Shield Battery  
  124  8:32  Stalker x6  
  140  8:36  Probe  
  141  8:50  Pylon  
  141  8:51  Pylon  
  141  8:54  Pylon  
  141  8:55  Forge, Protoss Ground Armor Level 1 (Chrono Boost)  
  141  8:57  Pylon  
  141  9:08  Probe x3  
  148  9:12  Stalker x4  
  148  9:13  Stalker  
  154  9:20  Probe x3  
  154  9:22  Robotics Facility  
  157  9:25  Stalker x3  
  137  9:32  Probe x2  
  129  9:40  Stalker x5  
  139  9:52  Disruptor (Chrono Boost)  
  123  9:54  Stalker x3  
  128  10:11  Stalker x6  
  126  10:21  Disruptor (Chrono Boost)  
  126  10:25  Stalker  
  126  10:26  Stalker x2  
  102  10:33  Probe x3  
  102  10:34  Probe  
  104  10:42  Stalker  
  102  10:45  Shield Battery, Probe x2 (Chrono Boost)  
  102  10:46  Probe x2 (Chrono Boost)  
  102  10:48  Disruptor  
  106  10:56  Shield Battery  
  114  10:57  Probe (Chrono Boost)  
  114  10:58  Probe x3 (Chrono Boost)  
  114  10:59  Stalker  
  114  11:00  Stalker  
  114  11:04  Probe x4 (Chrono Boost)  
  118  11:09  Stalker x2  
  126  11:12  Probe  
  117  11:22  Probe x3  
  117  11:24  Probe  
  118  11:26  Stalker x4, Protoss Ground Weapons Level 3 (Chrono Boost)  
  124  11:33  Stalker x2  
  124  11:36  Disruptor (Chrono Boost)  
  132  11:40  Assimilator, Probe x3  
  132  11:45  Shield Battery  
  135  11:56  Probe x4  
  135  11:59  Stalker x3  
  145  12:07  Stalker x3  
  147  12:15  Stalker x3  
  121  12:31  Probe x4  
  121  12:32  Shield Battery  
  121  12:34  Stalker x4  
  133  12:41  Stalker  
  133  12:42  Stalker  
  133  12:43  Probe x3  
  140  12:48  Colossus (Chrono Boost)  
  146  13:03  Stalker  
  146  13:04  Stalker x3  
  154  13:16  Stalker x3  
  154  13:18  Pylon  
  160  13:20  Pylon  
  160  13:24  Colossus (Chrono Boost)  
  160  13:30  Zealot x5  
  176  13:47  Stalker x4  
  148  13:58  Stalker x5  
  158  14:08  Colossus (Chrono Boost)  
  164  14:18  Stalker x4  
  172  14:35  Stalker x4  
  170  14:49  Observer  
  169  14:53  Stalker x5  
  169  14:59  Stalker x2  
  175  15:01  Assimilator  
  175  15:19  Stalker  
  175  15:20  Stalker x6  
  189  15:23  Stalker  
  112  15:43  Zealot x3  
  112  15:44  Zealot x5  
  112  15:46  Stalker  
  102  16:05  Stalker x7  
Tags
 
Add a new tag
Caveats
  • Supply blocks, unpowered buildings, or Contaminate may cause inaccurate times.
  • Supply counts are checked every 10 seconds.